 Dungeon Crawl Stone Soup version 0.27-a0-1280-g9d2d252d84 (webtiles) character file.

Game seed: 7508329895958182675

3107 Delamore the Spear-Bearer (level 10, -1/74 HPs)
             Began as a Formicid Fighter on June 13, 2021.
             Was a Priest of Qazlal.
             Slain by a two-headed ogre (12 damage)
             ... on level 9 of the Dungeon.
             The game lasted 00:09:02 (10165 turns).

Delamore the Spear-Bearer (Formicid Fighter)       Turns: 10165, Time: 00:09:02

Health: -1/74      AC: 12    Str: 24    XL:     10   Next: 13%
Magic:  23/23      EV:  6    Int:  8    God:    Qazlal [***...]
Gold:   394        SH: 14    Dex: 10    Spells: 9/9 levels left

rFire    . . .     SeeInvis +   w - +5 halberd (vorpal)
rCold    . . .     Faith    .   c - +0 kite shield
rNeg     . . .     Spirit   .   i - +0 chain mail
rPois    .         Reflect  .   (helmet unavailable)
rElec    +         Harm     .   h - +0 cloak
rCorr    .         Rampage  .   o - +0 pair of gloves
Will     +....                  j - +0 pair of boots
Stlth    ..........             m - amulet of magic regeneration
HPRegen  0.22/turn              p - ring of the Hungering Coward {rElec MP+9}
MPRegen  0.43/turn              (no ring)

@: no status effects
A: permanent stasis, dig shafts and tunnels, antennae 3, four strong arms
a: Dig, Shaft Self, Renounce Religion, Upheaval, Elemental Force


You were on level 9 of the Dungeon.
You worshipped Qazlal.
Qazlal was most pleased with you.
You visited 1 branch of the dungeon, and saw 9 of its levels.

You collected 394 gold pieces.

Inventory:

Hand Weapons
 a - a +1 trident
 w - a +5 vorpal halberd (weapon)
Missiles
 l - 33 poisoned darts (quivered)
Armour
 c - a +0 kite shield (worn)
 h - a +0 cloak (worn)
 i - a +0 chain mail (worn)
 j - a +0 pair of boots (worn)
 n - a scarf of repulsion
 o - a +0 pair of gloves (worn)
Jewellery
 m - an amulet of magic regeneration (around neck)
 p - the ring of the Hungering Coward (left hand) {rElec MP+9}
   (You acquired it on level 5 of the Dungeon)

   [ring of magical power]

   It insulates you from electricity.
   It affects your magic capacity (+9).
Wands
 u - a wand of flame (12)
Scrolls
 b - a scroll of amnesia
 e - a scroll of magic mapping
 f - a scroll of identify
 r - 2 scrolls of immolation
 t - 2 scrolls of enchant armour
Potions
 d - 4 potions of might
 g - 3 potions of flight
 q - a potion of attraction
 s - a potion of brilliance


   Skills:
 - Level 5.0 Fighting
 * Level 12.0 Polearms
 - Level 3.2 Armour
 - Level 3.6 Shields
 + Level 5.7 Invocations


You had 9 spell levels left.
You didn't know any spells.
Your spell library contained the following spells:

 Spells                   Type           Power      Damage    Failure   Level
 Animate Skeleton         Necr           0%         N/A       100%        1
 Apportation              Tloc           0%         N/A       100%        1
 Corona                   Hex            0%         N/A       100%        1
 Pain                     Necr           0%         1d4       100%        1
 Sandblast                Erth           0%         2d4       100%        1
 Summon Small Mammal      Summ           0%         N/A       100%        1
 Passwall                 Tmut/Erth      0%         N/A       100%        2
 Confusing Touch          Hex            0%         N/A       100%        3
 Gell's Gravitas          Tloc           0%         N/A       100%        3
 Stone Arrow              Conj/Erth      0%         3d7       100%        3
 Vampiric Draining        Necr           0%         2d6       100%        3
 Animate Dead             Necr           0%         N/A       100%        4
 Petrify                  Tmut/Erth      0%         N/A       100%        4
 Summon Lightning Spire   Summ/Air       0%         N/A       100%        4
 Agony                    Necr           0%         N/A       100%        5
 Lee's Rapid Deconstruct  Erth           0%         3d5*      100%        5
 Metabolic Englaciation   Hex/Ice        0%         N/A       100%        5
 Silence                  Hex/Air        0%         N/A       100%        5
 Yara's Violent Unravell  Hex/Tmut       0%         3d3       100%        5
 Conjure Ball Lightning   Conj/Air       0%         3x3d6     100%        6
 Storm Form               Tmut/Air       0%         N/A       100%        7


Dungeon Overview and Level Annotations

Branches:
Dungeon (9/15)             Temple (0/1) D:4
   Lair: D:8-11         Orc: D:9-12

Altars:
Fedhas
Gozag
Qazlal
Ru


Innate Abilities, Weirdness & Mutations

You cannot be hasted, slowed, berserked, paralysed or teleported.
You can dig through walls and to a lower floor.
You have a pair of large antennae on your head. (SInv)
Your four strong arms can wield two-handed weapons with a shield.


Message History

The two-headed ogre is heavily wounded.
The two-headed ogre hits you with a +0 giant club!
The two-headed ogre hits you with a +0 giant spiked club!
You hit the two-headed ogre.
The two-headed ogre is severely wounded.
You block the two-headed ogre's attack.
The two-headed ogre hits you with a +0 giant spiked club!!
You are too injured to fight recklessly!
You are too injured to fight recklessly!
You are too injured to fight recklessly!
You are too injured to fight recklessly!
You are too injured to fight recklessly!
You are too injured to fight recklessly!
You are too injured to fight recklessly!
You are too injured to fight recklessly!
You are too injured to fight recklessly!
You are too injured to fight recklessly!
You are too injured to fight recklessly!
You are too injured to fight recklessly!
You are too injured to fight recklessly!
There is a stone staircase leading up here.
You barely miss the two-headed ogre.
The two-headed ogre is severely wounded.
The two-headed ogre hits you with a +0 giant club.
The two-headed ogre hits you with a +0 giant spiked club!!
* * * LOW HITPOINT WARNING * * *
You feel better.
The two-headed ogre hits you with a +0 giant club.
* * * LOW HITPOINT WARNING * * *
You block the two-headed ogre's attack.
You feel better.
You hit the two-headed ogre.
The two-headed ogre is severely wounded.
You block the two-headed ogre's attack. x2
You hit the two-headed ogre.
The two-headed ogre is almost dead.
The two-headed ogre hits you with a +0 giant club!
* * * LOW HITPOINT WARNING * * *
The two-headed ogre hits you with a +0 giant spiked club!
You die...

########+###
#..........#
#......(...#
#..........#
#..?..)....+
#........☼.#
#..(....O@°#
#.......<..#
+..........#
#..........#
############


You could see a two-headed ogre.

Vanquished Creatures
  Prince Ribbit (D:7)
  2 steam dragons
  4 water moccasins (D:7)
  A black bear (D:7)
  A hornet zombie (D:7)
  2 orc warriors
  A sky beast (D:6)
  2 ogres (D:5)
  A centaur (D:8)
  A phantom (D:6)
  A kobold brigand (D:8)
  A bullfrog (D:8)
  Blork the orc (D:5)
  A scorpion (D:5)
  A water moccasin skeleton (D:4)
  10 wights
  2 howler monkeys
  3 centaur zombies
  Crazy Yiuf (D:3)
  A hound (D:4)
  2 jellies
  A bullfrog skeleton (D:6)
  3 orc priests
  A centaur skeleton (D:7)
  An iguana (D:5)
  4 orc wizards
  A hound skeleton (D:4)
  A howler monkey zombie (D:7)
  Robin (D:4)
  An adder (D:2)
  2 shadow imps (D:6)
  A worm (D:2)
  A dart slug (D:1)
  26 orcs
  4 bats
  5 endoplasms
  4 giant cockroaches
  11 goblins
  5 hobgoblins
  7 jackals
  11 kobolds
  2 quokkas
  4 ball pythons
  3 frilled lizards
140 creatures vanquished.

Vanquished Creatures (others)
  2 orcs (D:7)
2 creatures vanquished.

Grand Total: 142 creatures vanquished

Notes
Turn   | Place    | Note
-------+----------+-------------------------------------------
     0 | D:1      | Delamore the Formicid Fighter began the quest for the Orb.
     0 | D:1      | Reached XP level 1. HP: 18/18 MP: 1/1
   226 | D:1      | Found a faded altar of an unknown god.
   234 | D:1      | Became a worshipper of Qazlal Stormbringer
   234 | D:1      | Reached * piety under Qazlal
   642 | D:1      | Reached XP level 2. HP: 24/24 MP: 2/2
   969 | D:2      | Reached skill level 3 in Polearms
   969 | D:2      | Reached XP level 3. HP: 28/30 MP: 3/3
  1027 | D:2      | Noticed a scorpion
  2126 | D:3      | Found a stormy altar of Qazlal.
  2127 | D:3      | Found a blossoming altar of Fedhas.
  2139 | D:3      | Reached ** piety under Qazlal
  2186 | D:3      | Reached XP level 4. HP: 37/37 MP: 4/4
  2483 | D:3      | Reached skill level 4 in Polearms
  2745 | D:3      | Reached XP level 5. HP: 30/43 MP: 5/5
  2887 | D:3      | You fall into a shaft and drop 3 floors!
  3207 | D:6      | Reached XP level 6. HP: 39/49 MP: 6/6
  3208 | D:6      | Reached skill level 5 in Polearms
  3267 | D:5      | Entered Level 5 of the Dungeon
  3366 | D:4      | Found a staircase to the Ecumenical Temple.
  3408 | D:4      | Reached skill level 5 in Fighting
  3771 | D:3      | Found a runed translucent door.
  3772 | D:3      | Noticed Crazy Yiuf
  3921 | D:3      | Killed Crazy Yiuf
  4161 | D:4      | You fall into a shaft and drop 1 floor!
  4239 | D:5      | Found an opulent altar of Gozag.
  4586 | D:4      | Reached skill level 6 in Polearms
  4586 | D:4      | Reached XP level 7. HP: 33/56 MP: 7/7
  4818 | D:4      | Noticed Robin
  4824 | D:4      | Killed Robin
  5031 | D:5      | HP: 2/56 [poisoned by a scorpion]
  5416 | D:5      | Noticed Blork the orc
  5424 | D:5      | Killed Blork the orc
  5427 | D:5      | Identified a scroll of acquirement
  5427 | D:5      | Acquired the ring of the Hungering Coward {rElec MP+9}
  5537 | D:5      | Reached skill level 7 in Polearms
  5934 | D:5      | Reached XP level 8. HP: 44/62 MP: 8/8
  6226 | D:6      | Reached skill level 8 in Polearms
  7033 | D:7      | Reached skill level 9 in Polearms
  7564 | D:7      | Reached skill level 10 in Polearms
  7564 | D:7      | Reached XP level 9. HP: 62/68 MP: 9/9
  7662 | D:7      | Reached skill level 1 in Invocations
  7963 | D:7      | Noticed Prince Ribbit
  7983 | D:7      | Killed Prince Ribbit
  8203 | D:7      | Reached skill level 11 in Polearms
  8208 | D:7      | Reached *** piety under Qazlal
  9173 | D:8      | Found a sacrificial altar of Ru.
  9225 | D:8      | Reached skill level 5 in Invocations
  9227 | D:8      | Reached XP level 10. HP: 66/74 MP: 13/13
  9992 | D:8      | Reached skill level 12 in Polearms
 10151 | D:9      | Noticed a two-headed ogre
 10165 | D:9      | Slain by a two-headed ogre

Illustrated notes

Levels and vault maps discovered:
D:1:      minmay_arrival_four_loops, layout_loops_ring, serial_aquarium,
          aquarium_bridge_straight [aquarium_subvault_bridge,
          aquarium_subvault_wall, aquarium_subvault_bridge,
          aquarium_subvault_window], aquarium_bridge_square
          [aquarium_subvault_bridge, aquarium_subvault_window,
          aquarium_subvault_bridge, aquarium_subvault_wall],
          aquarium_window_fake, aquarium_window_fake, aquarium_window_2,
          aquarium_view_2e, aquarium_view_2f, ebering_ecumenical_altar_petrified
D:2:      layout_basic
D:3:      cheibrodos_pilgrimage, layout_loops_ring,
          grunt_temple_overflow_forces_of_nature, minmay_quantized,
          uniq_crazy_yiuf_cottage
D:4:      layout_basic, minmay_temple_entry_offerings, serial_corexii_hall,
          corexii_hall_statues_t, corexii_hall_statues_s,
          corexii_hall_statues_deadend, wad_rectangle_vault, uniq_robin
D:5:      layout_loops_ring, nicolae_gozag_cash_rules_everything_around_me,
          uniq_blork_the_orc
D:6:      layout_basic
D:7:      layout_gridville, uniq_prince_ribbit1
D:8:      layout_rooms, nicolae_ru_sacrificial_ziggurat,
          serial_co_window_serial, co_window_paths_a, co_window_corner_a,
          co_window_corner_a, co_window_paths_b, co_window_paths_a,
          co_window_corner_a, co_window_corner_a, co_window_unsneaky_path_e,
          co_window_corner_cb, co_window_of_opportunity_c,
          co_window_unsneaky_path_a, co_window_2corner, co_window_2corner,
          co_window_broadway_a, co_window_4corner_b, glass_columns_b
D:9:      layout_roguey, eat_drink_and_be_merry_uskayaw, hangedman_minor_magic

Skill      XL: |  1  2  3  4  5  6  7  8  9 10 |
---------------+-------------------------------+-----
Polearms       | 3 4 6 7 10 11 12 | 12.0
Fighting       | 4 5 |  5.0
Invocations    | 5 |  5.7
Armour         | |  3.2
Shields        | |  3.6

Action                   |  1- 3 |  4- 6 |  7- 9 | 10-12 || total
-------------------------+-------+-------+-------+-------++-------
Melee: Trident           |   119 |   145 |   328 |    19 ||   611
       Halberd           |       |       |       |    24 ||    24
Throw: Dart              |       |       |    16 |       ||    16
 Abil: Dig               |     4 |     6 |     5 |     2 ||    17
  Use: Scroll            |     5 |     2 |     5 |     2 ||    14
       Potion            |       |     1 |       |     2 ||     3
Armor: Scale mail        |    49 |       |       |       ||    49
       Chain mail        |       |    58 |   103 |     4 ||   165
Dodge: Dodged            |    45 |    28 |    50 |     9 ||   132
Block: Kite shield       |    75 |    68 |   149 |    21 ||   313

Table legend: (Time is in decaauts)
 A = Elapsed time spent in this place.
 B = Non-inter-level travel time spent in this place.
 C = Inter-level travel time spent in this place.
 D = Time resting spent in this place.
 E = Time spent auto-exploring this place.
 F = Levels seen in this place.
 G = Mean time per level.
                   A        B        C        D        E       F      G
               +--------+--------+--------+--------+--------+-----+--------+
         Total |  10255 |   9821 |    434 |   2320 |   5995 |   9 | 1139.4 |
       Dungeon |  10255 |   9821 |    434 |   2320 |   5995 |   9 | 1139.4 |
               +--------+--------+--------+--------+--------+-----+--------+

Top non-repeatable levels by time:
     D:7: 1885 daAuts
     D:8: 1444 daAuts
     D:1: 1374 daAuts
     D:4: 1297 daAuts
     D:6: 1164 daAuts
     D:3: 1143 daAuts
     D:5: 984 daAuts
     D:2: 946 daAuts
     D:9: 14 daAuts
